 Dungeon Crawl Stone Soup version 0.30-a0-879-ga8ba668304 (webtiles) character file.

Game seed: 12066130920481273749

9661 kenny the Thaumaturge (level 11, -9/57 HPs)
             Began as a Deep Elf Conjurer on Mar 12, 2023.
             Was an Elder of the Shining One.
             Mangled by a sun demon (18 damage)
             ... summoned by a kobold demonologist
             ... on level 10 of the Dungeon.
             The game lasted 00:38:30 (10883 turns).

kenny the Thaumaturge (Deep Elf Conjurer)          Turns: 10883, Time: 00:38:31

Health: -9/57      AC:  3    Str:  6      XL:     11   Next: 26%
Magic:  10/31      EV: 14    Int: 25 (26) God:    the Shining One [****..]
Gold:   512        SH:  0    Dex: 13      Spells: 21/38 levels left

rFire   . . .      SeeInvis .    F - +4 dagger (freeze)
rCold   + . .      Faith    .    (no shield)
rNeg    + + .      Spirit   .    a - +0 robe
rPois   .          Reflect  .    (no helmet)
rElec   .          Rampage  .    (no cloak)
rCorr   .                        o - +0 pair of gloves
Will    +....                    (no boots)
Stlth   ++                       (no amulet)
HPRegen 0.29/turn                p - ring of ice
MPRegen 0.22/turn                E - ring of protection from fire

@: glowing
A: no striking features
a: Renounce Religion, Divine Shield, Cleansing Flame


You were on level 10 of the Dungeon.
You worshipped the Shining One.
The Shining One was greatly pleased with you.
You visited 2 branches of the dungeon, and saw 11 of its levels.
You also visited: Bailey.

You collected 512 gold pieces.

Inventory:

Hand Weapons
 F - a +4 dagger of freezing (weapon)
Armour
 a - a +0 robe (worn)
 o - a +0 pair of gloves (worn)
Jewellery
 p - a ring of ice (left hand)
 E - a ring of protection from fire (right hand)
 G - a ring of fire
Wands
 n - a wand of charming (4)
 s - a wand of mindburst (16)
 y - a wand of flame (23)
 D - a wand of quicksilver (6)
Scrolls
 b - a scroll of amnesia
 c - a scroll of torment {unknown}
 g - 4 scrolls of teleportation
 i - a scroll of blinking
 j - a scroll of enchant armour
 l - 4 scrolls of enchant weapon
 r - 2 scrolls of vulnerability
 t - a scroll of silence {unknown}
 u - 4 scrolls of brand weapon {unknown}
 x - 3 scrolls of fog {unknown}
 z - 2 scrolls of fear {unknown}
Potions
 d - a potion of brilliance
 h - 8 potions of curing {unknown}
 k - 2 potions of mutation {unknown}
 m - a potion of ambrosia {unknown}
 q - a potion of invisibility {unknown}
 v - 3 potions of flight {unknown}
 w - 2 potions of haste {unknown}
 A - 3 potions of heal wounds {unknown}
 B - 2 potions of resistance {unknown}
 C - 2 potions of degeneration {unknown}


   Skills:
 + Level 2.1 Fighting
 - Level 2.2 Maces & Flails
 + Level 5.8 Dodging
 + Level 6.0 Stealth
 + Level 14.2 Spellcasting
 + Level 12.0 Conjurations
 + Level 6.1 Hexes
 + Level 3.5 Translocations


You had 21 spell levels left.
You knew the following spells:

 Your Spells              Type           Power      Damage    Failure   Level
a - Magic Dart            Conj           100%       1d8       1%          1
b - Searing Ray           Conj           100%       2d8       1%          2
c - Dazzling Flash        Conj/Hex       100%       N/A       1%          3
d - Fulminant Prism       Conj/Hex       29%        3d14      1%          4
e - Iskenderun's Mystic   Conj/Tloc      54%        2d12      1%          4
f - Tukima's Dance        Hex            48%        N/A       1%          3

Your spell library contained the following spells:

 Spells                   Type           Power      Damage    Failure   Level
 Hailstorm                Conj/Ice       64%        3d14      1%          3
 Portal Projectile        Hex/Tloc       84%        N/A       1%          3
 Ice Form                 Ice/Tmut       26%        N/A       32%         4
 Blade Hands              Tmut           8%         N/A       65%         5
 Simulacrum               Ice/Necr       13%        N/A       99%         6


Dungeon Overview and Level Annotations

Branches:
Dungeon (10/15)            Temple (1/1) D:6          Bailey (visited)
   Lair: D:8-11         Orc: D:9-12

Altars:
Ashenzari
Cheibriados
Dithmenos
Fedhas
Makhleb
Nemelex Xobeh
Okawaru
Qazlal
Ru
Sif Muna
Trog
Uskayaw
Vehumet
Wu Jian
Xom
Yredelemnul
Zin
The Shining One

Annotations:
D:3 3 runed translucent doors, ZoeForever1's ghost, amateur DsRe


Message History

The iron imp hits you but does no damage.
The neqoxec hits you but does no damage.
The kobold demonologist hits you but does no damage.
You hit the wraith.
You destroy the wraith!
The Shining One accepts your kill.
You feel better.
You feel your power returning.
The ufetubus hits you but does no damage. x2
The neqoxec gestures at you.
You feel dopey. Something feeds on your intellect!
The kobold demonologist hits you with a +1 dagger of flaming.
The kobold demonologist burns you. The iron imp hits you.
You hit the kobold demonologist. You freeze the kobold demonologist.
The kobold demonologist is heavily wounded.
Your transformation is almost over.
The ufetubus hits you but does no damage.
The ufetubus hits you.
The kobold demonologist hits you but does no damage.
The iron imp hits you but does no damage.
The kobold demonologist casts a spell.
You hit the kobold demonologist but do no damage.
The kobold demonologist is heavily wounded.
The sun demon hits you.
You are engulfed in flames!
The iron imp hits you but does no damage.
The shadow imp hits you but does no damage.
The kobold demonologist hits you with a +1 dagger of flaming.
The kobold demonologist burns you. The sun demon completely misses you.
It was a potion of cancellation.
Your magical effects are unravelling.
You feel magically purged.
You feel less wooden.
Your +0 pair of gloves unmelds from your body.
Your +0 robe unmelds from your body.
You feel yourself speed up.
The neqoxec disappears in a puff of smoke!
The sun demon hits you!
* * * LOW HITPOINT WARNING * * *
You are engulfed in flames!!
You die...

#..........#
#..........#
#..........#
#..........'#
#...........+
#..........##
#?45.......#
#53K.......
#.@5ยง.....
##########


You could see a sun demon (summoned), an ice devil (summoned), a kobold
demonologist, an iron imp (summoned), a shadow imp (summoned) and an ufetubus
(summoned).

Vanquished Creatures
  2 vault guards (Bailey)
  2 two-headed ogres
  Pikel (D:4)
  A komodo dragon (D:7)
  Prince Ribbit (D:9)
  A blink frog (Bailey)
  Sigmund (D:4)
  A wraith (D:10)
  4 humans (Bailey)
  9 yaks
  An acid dragon (D:5)
  2 water moccasins
  Duvessa (D:4)
  A sky beast (D:7)
  An orc warrior (D:9)
  3 black bears
  An ice beast (D:8)
  3 ogres
  4 centaurs
  2 lemures (D:4)
  2 phantoms
  8 bullfrogs
  2 kobold brigands
  A scorpion (D:5)
  10 wights
  Dowan (D:4)
  4 killer bees (D:9)
  A howler monkey (D:9)
  4 crimson imps (D:5)
  3 hounds
  A jelly (D:6)
  2 orc priests
  2 sleepcaps
  2 iguanas
  Natasha (thrice) (D:3)
  7 orc wizards
  11 gnolls
  An adder (D:6)
  3 white imps
  4 dart slugs
  22 orcs
  8 endoplasms
  A giant cockroach (D:1)
  5 goblins
  6 hobgoblins
  3 quokkas
  8 ball pythons
  7 bats
  11 kobolds
  A rat (D:2)
  A fulminant prism (D:9)
187 creatures vanquished.

Vanquished Creatures (collateral kills)
  A gnoll sergeant (D:8)
1 creature vanquished.

Vanquished Creatures (others)
  A quokka (D:9)
  50 fulminant prisms
51 creatures vanquished.

Grand Total: 239 creatures vanquished

Notes
Turn   | Place    | Note
-------+----------+-------------------------------------------
     0 | D:1      | kenny the Deep Elf Conjurer began the quest for the Orb.
     0 | D:1      | Reached XP level 1. HP: 10/10 MP: 6/6
   333 | D:1      | Reached XP level 2. HP: 15/15 MP: 6/8
   374 | D:1      | Found a faded altar of an unknown god.
   415 | D:1      | Reached skill level 5 in Conjurations
   474 | D:1      | Prayed at the altar of an unknown god.
   474 | D:1      | Became a worshipper of the Shining One
   474 | D:1      | Reached * piety under the Shining One
  1245 | D:2      | Reached XP level 3. HP: 19/19 MP: 4/9
  1970 | D:3      | Learned a level 2 spell: Searing Ray
  1974 | D:3      | Learned a level 3 spell: Dazzling Flash
  2000 | D:3      | Noticed Natasha
  2009 | D:3      | Killed Natasha
  2010 | D:3      | Reached XP level 4. HP: 18/24 MP: 8/11
  2227 | D:3      | Noticed ZoeForever1's ghost (amateur DsRe)
  2368 | D:3      | Noticed Natasha
  2373 | D:3      | Killed Natasha
  2374 | D:3      | Reached skill level 4 in Spellcasting
  2488 | D:3      | Found a runed translucent gate.
  2488 | D:3      | Found a runed translucent gate.
  2488 | D:3      | Found a runed translucent gate.
  2647 | D:3      | Noticed Natasha
  2654 | D:3      | Killed Natasha
  2839 | D:4      | Noticed a black bear
  2916 | D:4      | Noticed Duvessa
  2922 | D:4      | Killed Duvessa
  2923 | D:4      | Reached skill level 5 in Spellcasting
  2923 | D:4      | Reached XP level 5. HP: 28/28 MP: 5/14
  2939 | D:4      | Noticed Dowan
  3265 | D:4      | Found a sacrificial altar of Ru.
  3286 | D:4      | Reached XP level 6. HP: 32/32 MP: 8/16
  3508 | D:4      | Killed Dowan
  3585 | D:4      | Noticed Sigmund
  3611 | D:4      | Killed Sigmund
  3612 | D:4      | Reached skill level 6 in Spellcasting
  3612 | D:4      | Reached XP level 7. HP: 36/36 MP: 12/18
  3854 | D:4      | Reached ** piety under the Shining One
  3937 | D:4      | Found an ornate altar of the Wu Jian Council.
  3942 | D:4      | Noticed Pikel
  3965 | D:5      | Entered Level 5 of the Dungeon
  4083 | D:5      | Learned a level 4 spell: Fulminant Prism
  4088 | D:5      | Learned a level 4 spell: Iskenderun's Mystic Blast
  4148 | D:5      | Reached skill level 7 in Spellcasting
  4200 | D:5      | Reached skill level 5 in Stealth
  4538 | D:4      | Reached XP level 8. HP: 22/41 MP: 15/21
  4661 | D:5      | Reached skill level 8 in Spellcasting
  4692 | D:5      | Noticed a two-headed ogre
  4700 | D:5      | Killed a two-headed ogre
  4701 | D:5      | Reached skill level 9 in Spellcasting
  4998 | D:4      | Killed Pikel
  4999 | D:4      | Reached skill level 1 in Fighting
  4999 | D:4      | Reached skill level 10 in Spellcasting
  4999 | D:4      | Reached skill level 1 in Hexes
  4999 | D:4      | Reached skill level 1 in Translocations
  4999 | D:4      | Reached XP level 9. HP: 16/47 MP: 23/25
  5224 | D:4      | Found a glowing golden altar of the Shining One.
  5508 | D:5      | Found a shimmering altar of Xom.
  5978 | D:6      | Found a radiant altar of Vehumet.
  5993 | D:6      | Reached skill level 10 in Conjurations
  6013 | D:6      | Reached skill level 11 in Spellcasting
  6411 | D:6      | Found a staircase to the Ecumenical Temple.
  6575 | D:6      | Reached skill level 1 in Maces & Flails
  6632 | Temple   | Entered the Ecumenical Temple
  7122 | D:7      | Found a basalt altar of Yredelemnul.
  7383 | D:7      | Noticed a komodo dragon
  7390 | D:7      | Killed a komodo dragon
  7640 | D:7      | Reached skill level 5 in Dodging
  7740 | D:7      | Reached XP level 10. HP: 50/52 MP: 14/27
  8075 | D:8      | Reached *** piety under the Shining One
  8284 | D:8      | Reached skill level 12 in Spellcasting
  8451 | D:8      | Learned a level 3 spell: Tukima's Dance
  8698 | D:8      | Noticed a two-headed ogre
  8708 | D:8      | Killed a two-headed ogre
  9075 | D:8      | Identified the +1 great sword "Geamm" {flame, rC+ rCorr
                  | Str-4 Dex+2}
  9125 | D:8      | Found a shimmering blue altar of Sif Muna.
  9200 | D:8      | Found a bloodstained altar of Trog.
  9212 | D:8      | Found a sparkling altar of Nemelex Xobeh.
  9245 | D:8      | Reached skill level 13 in Spellcasting
  9401 | D:8      | Found a hide-covered altar of Uskayaw.
  9727 | D:9      | Found a flagged portal.
  9734 | Bailey   | Entered a bailey
  9755 | Bailey   | Reached skill level 5 in Hexes
  9979 | Bailey   | Noticed a vault guard
 10094 | Bailey   | Noticed a vault guard
 10102 | Bailey   | Killed a vault guard
 10103 | Bailey   | Reached XP level 11. HP: 57/57 MP: 7/30
 10105 | Bailey   | Killed a vault guard
 10309 | D:9      | Reached skill level 14 in Spellcasting
 10571 | D:9      | Noticed Prince Ribbit
 10578 | D:9      | Killed Prince Ribbit
 10796 | D:9      | Reached **** piety under the Shining One
 10811 | D:10     | Entered Level 10 of the Dungeon
 10880 | D:10     | Noticed a sun demon
 10883 | D:10     | Mangled by a sun demon

Illustrated notes

Levels and vault maps discovered:
D:1:      psy_arrival_radial02, layout_basic, nicolae_ecumenical_snake_handling
D:2:      layout_rooms
D:3:      layout_basic, gammafunk_ghost_split, nicolae_kite_square_tiling_tiny,
          uniq_natasha
D:4:      layout_gridville, lemuel_coloured_pillars_altar,
          mainiacjoe_overflow_six_doors_small,
          mainiacjoe_overflow_small_starburst, uniq_sigmund, uniq_duvessa,
          uniq_pikel
D:5:      layout_cave_pools, led_xom_imps
D:6:      layout_basic, lemuel_round_altar, minmay_temple_entry_glassed_door,
          serial_glass, glass_columns_c, glass_columns_a, glass_columns_a,
          glass_columns_a, glass_columns_c
D:7:      layout_loops_cross, mainiacjoe_overflow_concentric_impassable
D:8:      layout_layer_cave, jmf_multi_god_temple, nicolae_uskayaw_dance_studio,
          lemuel_blue_sif_altar, st_stairs_13
D:9:      layout_irregular_city, elyvilon_altar_4, enter_bailey_2,
          uniq_prince_ribbit1
D:10:     layout_roguey, old_standard_altar, mainiacjoe_overflow_boulevard,
          mainiacjoe_overflow_brackets, hiddenorc2_lemuel,
          kennysheep_generic_room_16
Temple:   nicolae_temple_godpark

Skill      XL: |  1  2  3  4  5  6  7  8  9 10 11 |
---------------+----------------------------------+-----
Conjurations   | 5 6 7 8 9 10 11 12 | 12.0
Stealth        | 3 4 5 6 |  6.0
Spellcasting   | 5 6 7 10 11 13 14 | 14.2
Dodging        | 3 4 5 |  5.8
Fighting       | 1 2 |  2.1
Hexes          | 1 2 5 6 |  6.1
Translocations | 1 3 |  3.5
Maces & Flails | 1 2 |  2.2

Action                     |  1- 3 |  4- 6 |  7- 9 | 10-12 || total
---------------------------+-------+-------+-------+-------++-------
  Melee: Unarmed           |     1 |       |       |       ||     1
         Flail             |       |       |     9 |    11 ||    20
         Dagger            |       |       |       |    10 ||    10
         Punch             |       |       |       |     1 ||     1
   Cast: Magic Dart        |    76 |    28 |    98 |    70 ||   272
         Searing Ray       |     1 |     7 |    23 |    29 ||    60
         Fulminant Prism   |       |       |    21 |    30 ||    51
         Iskenderun's Myst |       |       |    17 |    27 ||    44
         Dazzling Flash    |       |       |     2 |       ||     2
         Tukima's Dance    |       |       |       |     7 ||     7
    Use: Potion            |     1 |       |     4 |     4 ||     9
         Scroll            |       |     2 |     1 |     7 ||    10
   Stab: Sleeping          |     1 |       |       |       ||     1
 Armour: Robe              |     2 |     3 |     8 |     9 ||    22
         Skin              |       |       |     3 |    25 ||    28
  Dodge: Dodged            |     6 |     7 |    42 |    61 ||   116

Table legend: (Time is in decaauts)
 A = Elapsed time spent in this place.
 B = Non-inter-level travel time spent in this place.
 C = Inter-level travel time spent in this place.
 D = Time resting spent in this place.
 E = Time spent auto-exploring this place.
 F = Levels seen in this place.
 G = Mean time per level.
                   A        B        C        D        E       F      G
               +--------+--------+--------+--------+--------+-----+--------+
         Total |  10918 |  10383 |    535 |   3503 |   5520 |  12 |  909.8 |
       Dungeon |  10215 |   9693 |    522 |   3155 |   5315 |  10 | 1021.5 |
        Temple |    146 |    133 |     13 |      0 |    122 |   1 |  146.0 |
        Bailey |    557 |    557 |      0 |    347 |     82 |   1 |  557.0 |
               +--------+--------+--------+--------+--------+-----+--------+

Top non-repeatable levels by time:
     D:4: 1805 daAuts
     D:8: 1662 daAuts
     D:3: 1298 daAuts
     D:7: 1195 daAuts
     D:1: 1105 daAuts
     D:5: 935 daAuts
     D:6: 912 daAuts
     D:2: 644 daAuts
     D:9: 577 daAuts
  Bailey: 557 daAuts
  Temple: 146 daAuts
    D:10: 78 daAuts
